 Dungeon Crawl Stone Soup version 0.31.0-11-ge490571c62 (webtiles) character file.

Game seed: 8747136349377993948

7 Drazool the Ruffian (level 2, 25/25 HPs)
             Began as a Naga Shapeshifter on Feb 5, 2024.
             Was a Follower of Trog.
             Quit the game on level 1 of the Dungeon.
             The game lasted 00:01:05 (202 turns).

Drazool the Ruffian (Naga Shapeshifter)              Turns: 202, Time: 00:01:06

Health: 25/25      AC:  1    Str: 16    XL:     2   Next: 0%
Magic:  2/2        EV:  9    Int: 10    God:    Trog [*.....]
Gold:   92         SH:  0    Dex: 10    Spells: 1/1 levels left

rFire   . .          .
                       - Unarmed
rCold   . . .        (no shield)
rNeg    . . .        a - +0 animal skin
rPois   +            (helmet currently unavailable)
rElec   .            (cloak currently unavailable)
rCorr   .            (gloves currently unavailable)
SInv    +            (no barding)
Will    .....        i - amulet of the acrobat
Stlth   ++           (no ring)
HPRegen 0.24/turn    (no ring)
MPRegen 0.08/turn

%: acrobat
@: short of breath, beast-form, very slow
A: beast (slay +1), AC +0, large, see invisible, deformed body, poison
resistance, slowness 2, spit poison 1, naga tail 1
a: Spit Poison, Begin Untransformation, Renounce Religion, Berserk


You were on level 1 of the Dungeon.
You worshipped Trog.
Trog was aware of your devotion.
You were a hulking beast.
You visited 1 branch of the dungeon, and saw 1 of its levels.

You collected 92 gold pieces.


Innate Abilities, Weirdness & Mutations

You are a hulking beast.
Your limbs bulge with bestial killing power. (Slay +1)
Your serpentine skin is tough. (AC +0)
You have supernaturally acute eyesight. (SInv)
Armour fits poorly on your strangely shaped body.
Your system is resistant to poisons. (rPois)
You cover ground very slowly.
You can spit poison.
You have a snake-like lower body.


   Skills:
 - Level 1.0 Fighting
 - Level 1.5 Dodging
 + Level 2.5 Stealth
 - Level 3.0 Unarmed Combat
 - Level 3.0 Shapeshifting


You had one spell level left.
You didn't know any spells.
Your spell library was empty.

Inventory:

Armour
 a - a +0 animal skin (worn)
Magical Staves
 h - a staff of air {!a}
Jewellery
 i - an amulet of the acrobat (around neck)
Talismans
 c - a beast talisman
 d - a flux talisman
Scrolls
 f - a scroll of vulnerability {unknown}
 g - a scroll of teleportation {unknown}
Potions
 b - 2 potions of lignification
 e - a potion of brilliance {unknown}

Dungeon Overview and Level Annotations

Branches:
Dungeon (1/15)

Altars:
Trog

#............#
#............+
#######........#
#P....#######...
#####.###'#....##.##
#...#.#...#.(..'..##
#...#.#.####...#####
#...'.8...P##..#####
#..h#####P⚑.#####...
#....†.###P...8.'.##
#......# ####.#.####
######## #...#.# #
#'###.# # #....P# #
####### #


There were no monsters in sight!


Message History

You feel ready to tumble and roll out of harm's way.
i - an amulet of the acrobat (around neck)
You see here 5 stones.
There is an open door here.
A frilled lizard comes into view.
The splash of poison hits the frilled lizard.
The frilled lizard is poisoned.
You kill the frilled lizard!
You have got your breath back.
You open the door.
Found a faded altar of an unknown god.
There is an open door here.
You open the door.
There is an open door here.
There is a faded altar of an unknown god here.
This altar belongs to (a) Trog, (b) Elyvilon or (c) Kikubaaqudgha, but you can't tell which.
Press the corresponding letter to learn more about a god, or press enter to convert or escape to cancel.
Trog accepts your prayer! Trog welcomes you!
You can now go berserk at will.
You open the door.
There is an open door here.
You open the door.
There is an open door here.
A rat comes into view.
The rat squeaks loudly.
The splash of poison hits the rat.
You kill the rat!
Trog accepts your kill.
You have reached level 2!
Are you sure you want to abandon this character and quit the game? (Confirm with "yes".)

Skill      XL: |  1 |
---------------+----+-----
Stealth        | 2 |  2.5
Fighting       | |  1.0
Dodging        | |  1.5
Unarmed Combat | |  3.0
Shapeshifting  | |  3.0

Action                     || total
---------------------------++-------
  Melee: Unarmed           ||     4
Ability: Spit Poison       ||     6
 Armour: Animal skin       ||     2
  Dodge: Dodged            ||     2

Levels and vault maps discovered:
D:1:      dpeg_arrival_refuge, layout_basic, shapermc_ecumenical_altar_ellora,
          minmay_crystal_room

Notes
Turn   | Place    | Note
-------+----------+-------------------------------------------
     0 | D:1      | Drazool the Naga Shapeshifter began the quest for the Orb.
     0 | D:1      | Reached XP level 1. HP: 18/18 MP: 1/1
    78 | D:1      | Reached skill level 1 in Stealth
   104 | D:1      | Reached skill level 2 in Stealth
   167 | D:1      | Found a faded altar of an unknown god.
   181 | D:1      | Prayed at the altar of an unknown god.
   181 | D:1      | Became a worshipper of Trog the Wrathful
   181 | D:1      | Reached * piety under Trog
   202 | D:1      | Reached XP level 2. HP: 25/25 MP: 2/2
   202 | D:1      | Quit the game

Vanquished Creatures
  A bat (D:1)
  An endoplasm (D:1)
  A giant cockroach (D:1)
  A hobgoblin (D:1)
  A frilled lizard (D:1)
  A rat (D:1)
6 creatures vanquished.

Table legend: (Time is in decaauts)
 A = Elapsed time spent in this place.
 B = Non-inter-level travel time spent in this place.
 C = Inter-level travel time spent in this place.
 D = Time resting spent in this place.
 E = Time spent auto-exploring this place.
 F = Levels seen in this place.
 G = Mean time per level.
                   A        B        C        D        E       F      G
               +--------+--------+--------+--------+--------+-----+--------+
         Total |    266 |    266 |      0 |      0 |    191 |   1 |  266.0 |
       Dungeon |    266 |    266 |      0 |      0 |    191 |   1 |  266.0 |
               +--------+--------+--------+--------+--------+-----+--------+

Top non-repeatable levels by time:
     D:1: 266 daAuts

Table legend:
 A = Non-vault XP
 B = Vault XP
 C = Vault XP percentage of total XP
 D = Non-vault monster count
 E = Vault monster count
 F = Vault count percentage of total count
                 A         B        C        D         E       F
            +---------+---------+-------+---------+---------+-------
      Total |      10 |       0 |   0.0 |       6 |       0 |   0.0
            +---------+---------+-------+---------+---------+-------
        D:1 |      10 |       0 |   0.0 |       6 |       0 |   0.0
            +---------+---------+-------+---------+---------+-------
